 Dungeon Crawl Stone Soup version 0.28.0-45-g0d030f2227 (webtiles) character file.

Game seed: 7911657671836497167

4 101zpm the Chiller (level 1, 0/10 HPs)
             Began as a Deep Elf Ice Elementalist on Apr 20, 2022.
             Slain by a bat (1 damage)
             ... on level 1 of the Dungeon.
             The game lasted 00:00:28 (342 turns).

101zpm the Chiller (Deep Elf Ice Elementalist)       Turns: 342, Time: 00:00:29

Health: 0/10       AC:  2    Str:  5    XL:     1   Next: 50%
Magic:  2/6        EV: 12    Int: 19    God:
Gold:   21         SH:  0    Dex: 15    Spells: 5/6 levels left

rFire   . . .      SeeInvis .   (no weapon)
rCold   . . .      Faith    .   (no shield)
rNeg    . . .      Spirit   .   a - +0 robe
rPois   .          Reflect  .   (no helmet)
rElec   .          Harm     .   (no cloak)
rCorr   .          Rampage  .   (no gloves)
Will    .....                   (no boots)
Stlth   ++........              (no amulet)
HPRegen 0.03/turn               (no ring)
MPRegen 0.10/turn               (no ring)

@: very slightly contaminated
A: no striking features
a: no special abilities


You were on level 1 of the Dungeon.
You visited 1 branch of the dungeon, and saw 1 of its levels.

You collected 21 gold pieces.

Inventory:

Armour
 a - a +0 robe (worn)
Scrolls
 b - a scroll of vulnerability {unknown}
 c - a scroll of enchant weapon {unknown}
 d - a scroll of blinking {unknown}
Potions
 e - a potion of flight {unknown}


   Skills:
 + Level 2.4 Dodging
 + Level 2.4 Stealth
 + Level 3.1 Spellcasting
 + Level 4.5 Ice Magic


You had 5 spell levels left.
You knew the following spells:

 Your Spells              Type           Power      Damage    Failure   Level
a - Freeze                Ice            80%        1d9       2%          1

Your spell library contained the following spells:

 Spells                   Type           Power      Damage    Failure   Level
 Frozen Ramparts          Ice            40%        1d6       7%          3
 Ozocubu's Armour         Ice            20%        N/A       7%          3
 Hailstorm                Conj/Ice       11%        3d5       52%         4


Dungeon Overview and Level Annotations

Branches:
Dungeon (1/15)

Altars:


Message History

Found 21 stones.
There are monsters nearby!
There are monsters nearby!
There are monsters nearby!
The hobgoblin shouts!
Found a robe.
You closely miss the bat. The bat barely misses you. The bat barely misses you.
The bat hits you.
Aiming: Freeze (safe; 2% risk of failure)
Press: ? - help, Q - select action Shift-Dir - straight line, f - bat
Aim: a bat You miscast Freeze.
You are very lightly contaminated with residual magic.
Nothing appears to happen.
The bat barely misses you. The bat hits you.
Aiming: Freeze (safe; 2% risk of failure)
Press: ? - help, Q - select action Shift-Dir - straight line, f/p - bat
Aim: a bat You freeze the bat.
The bat is moderately wounded.
The bat closely misses you. The hobgoblin hits you.
You barely miss the hobgoblin. The bat hits you. The hobgoblin hits you.
* * * LOW HITPOINT WARNING * * *
You are too injured to fight recklessly!
Aiming: Freeze (safe; 2% risk of failure)
Press: ? - help, Q - select action Shift-Dir - straight line, f/p - bat
Aim: a bat You freeze the bat.
The bat is severely wounded.
The bat hits you but does no damage. The hobgoblin hits you.
* * * LOW HITPOINT WARNING * * *
Aiming: Freeze (safe; 2% risk of failure)
Press: ? - help, Q - select action Shift-Dir - straight line, f - hobgoblin, p - bat
Aim: a hobgoblin You freeze the hobgoblin.
The hobgoblin is heavily wounded.
The bat hits you.
You die...

.## #.. ..# #.....
...#.# #.# ######
#.#.####.# ..(...#.#
##.##.#.## #........#
######.###.##.#
#.##..[.g...#.##.#######
.......@###+###........#
....##.b#8...8#..##.....
... ##.##.#.##.####....
. ..#8.#.8#).##.....
..##.#.##........#
####8...8########.#
8#8#8#...#8#8#8#8#.#
.................#.#
###...<...#####.'..


You could see a hobgoblin and a bat.

Vanquished Creatures
  A ball python (D:1)
  A goblin (D:1)
  A kobold (D:1)
  A rat (D:1)
4 creatures vanquished.

Notes
Turn   | Place    | Note
-------+----------+-------------------------------------------
     0 | D:1      | 101zpm the Deep Elf Ice Elementalist began the quest for
                  | the Orb.
     0 | D:1      | Reached XP level 1. HP: 10/10 MP: 6/6
   342 | D:1      | Slain by a bat

Illustrated notes

Levels and vault maps discovered:
D:1:      heliophobic_arrival_ceremonial_halls, layout_loops_cross

Action                   || total
-------------------------++-------
Melee: Unarmed           ||     4
 Cast: Freeze            ||     8
Armor: Robe              ||     1
Dodge: Dodged            ||     9
